 Dungeon Crawl Stone Soup version 0.23-a0-550-g7de1f8e (console) character file.

140928 Duffy the Severer (level 17, 51/153 HPs)
             Began as a Naga Fighter on Dec 8, 2018.
             Was the Champion of the Shining One.
             Quit the game on level 2 of the Snake Pit.
             The game lasted 00:55:10 (31974 turns).

Duffy the Severer (Naga Fighter)                   Turns: 31974, Time: 00:55:11

Health: 51/153     AC: 33    Str: 23    XL:     17   Next: 31%
Magic:  24/35      EV:  5    Int: 15    God:    the Shining One [******]
Gold:   1217       SH: 18    Dex: 17    Spells: 16/16 levels left

rFire    . . .     SeeInvis +   a - +9 broad axe (holy)
rCold    + . .     Gourm    .   V - +4 shield "Mierghui" {Dex+5}
rNeg     + + +     Faith    .   t - +1 pearl dragon scales
rPois    +         Spirit   .   c - +3 hat of Pondering {ponderous, MR+ MP+10 Int+5}
rElec    .         Reflect  .   p - +0 cloak
rCorr    .         Harm     .   j - +0 pair of gloves
MR       ++++.                  B - +1 naga barding {rC+}
Stlth    ..........             r - amulet of rage
HPRegen  0.35/turn              Y - +4 ring of protection
MPRegen  0.24/turn              w - ring of protection from magic

@: mildly poisoned (51 -> 41), glowing, studying Shields, very slow
A: large, see invisible, deformed body, poison resistance, slowness 2, slow
metabolism 1, spit poison 1, constrict 1, AC +5
a: Spit Poison, Divine Shield, Cleansing Flame, Summon Divine Warrior, Renounce
Religion, Evoke Berserk Rage


You were on level 2 of the Snake Pit.
You worshipped the Shining One.
The Shining One was exalted by your worship.
You were hungry.

You visited 5 branches of the dungeon, and saw 27 of its levels.
You also visited: Bailey and Volcano.

You collected 2678 gold pieces.
You spent 1461 gold pieces at shops.

Inventory:

Hand Weapons
 a - a +9 broad axe of holy wrath (weapon)
 b - a +4 broad axe of chopping
Missiles
 L - 2 throwing nets (quivered)
Armour
 c - the +3 hat of Pondering (worn) {ponderous, MR+ MP+10 Int+5}
   (You bought it in a shop on level 2 of the Orcish Mines)

   It affects your intelligence (+5).
   It affects your resistance to hostile enchantments.
   It affects your magic capacity (+10).
 j - a +0 pair of gloves (worn)
 p - a +0 cloak (worn)
 t - +1 pearl dragon scales (worn)
 B - a +1 naga barding of cold resistance (worn)
 V - the +4 shield "Mierghui" (worn) {Dex+5}
   (You bought it in a shop on level 2 of the Orcish Mines)

   It affects your dexterity (+5).
Jewellery
 r - an amulet of rage (around neck)
 w - a ring of protection from magic (right hand)
 H - an uncursed ring of protection from cold
 Q - an uncursed ring of protection from fire
 Y - a +4 ring of protection (left hand)
Wands
 E - a wand of paralysis (14)
 N - a wand of disintegration (18)
 X - a wand of iceblast (24)
Scrolls
 k - a scroll of silence
 m - 17 scrolls of teleportation
 o - 9 scrolls of remove curse
 q - a scroll of enchant weapon
 s - 8 scrolls of immolation
 u - a scroll of fog
 y - 5 scrolls of magic mapping
 D - a scroll of blinking
 F - a scroll of fear
 G - a scroll of summoning
Potions
 d - 6 potions of might
 e - 6 potions of curing
 g - 5 potions of agility
 h - a potion of experience {unknown}
 i - 4 potions of brilliance
 v - 5 potions of flight
 x - a potion of magic {unknown}
 z - 4 potions of haste
 A - 2 potions of mutation
 C - 5 potions of resistance
 J - 2 potions of cancellation
 O - 2 potions of berserk rage
 S - 4 potions of heal wounds
Books
 n - a manual of Shields
Miscellaneous
 l - a phial of floods
 M - a lightning rod (4/4)
 P - a sack of spiders
 U - a crystal ball of energy
 Z - a box of beasts
Comestibles
 f - 31 rations


   Skills:
 - Level 10.0 Fighting
 - Level 18.0 Axes
 - Level 10.5 Armour
 + Level 12.8 Shields
 + Level 11.8 Invocations
 - Level 10.0 Evocations


You had 16 spell levels left.
You didn't know any spells.
Your spell library contained the following spells:

 Spells                   Type           Power        Failure   Level  Hunger
 Animate Skeleton         Necr           N/A          54%         1    ##.....
 Apportation              Tloc           #.....       54%         1    ##.....
 Confusing Touch          Hex            #.....       54%         1    ##.....
 Corona                   Hex            #......      54%         1    ##.....
 Magic Dart               Conj           #...         54%         1    ##.....
 Summon Small Mammal      Summ           #...         54%         1    ##.....
 Blink                    Tloc           N/A          69%         2    ###....
 Call Imp                 Summ           #.......     69%         2    ###....
 Ensorcelled Hibernation  Hex/Ice        #.....       69%         2    ###....
 Searing Ray              Conj           #.....       69%         2    ###....
 Slow                     Hex            #.......     69%         2    ###....
 Confuse                  Hex            #.......     89%         3    ####...
 Conjure Flame            Conj/Fire      #.......     89%         3    ####...
 Dazzling Spray           Conj/Hex       #.....       89%         3    ####...
 Mephitic Cloud           Conj/Pois/Air  #.......     89%         3    ####...
 Tukima's Dance           Hex            #.......     89%         3    ####...
 Force Lance              Conj/Tloc      #.......     100%        4    #####..
 Fulminant Prism          Conj/Hex       #.........   100%        4    #####..
 Iskenderun's Mystic Bla  Conj           #.......     100%        4    #####..


Dungeon Overview and Level Annotations

Branches:
Dungeon (15/15)            Temple (1/1) D:5            Lair (6/6) D:10
 Shoals (0/4) Lair:3        Snake (3/4) Lair:4        Slime (0/5) Lair:6
    Orc (2/2) D:11            Elf (0/3) Orc:2        Vaults (0/5) D:13
 Depths (0/5) D:15

Altars:
Ashenzari
Cheibriados
Dithmenos
Elyvilon
Fedhas
Gozag
Hepliaklqana
Kikubaaqudgha
Makhleb
Nemelex Xobeh
Okawaru
Qazlal
Ru
Sif Muna
Trog
Uskayaw
Vehumet
Wu Jian
Xom
Yredelemnul
Zin
The Shining One
Beogh

Shops:
D:8 %   Orc:2 =*%([

Annotations:
D:14 exclusion: downstairs
D:15 exclusion: Roxanne, Roxanne
Lair:2 exclusion: oklob plant


Innate Abilities, Weirdness & Mutations

You cannot wear boots.
Your serpentine skin is tough. (AC +5)
You have supernaturally acute eyesight. (SInv)
Armour fits poorly on your strangely shaped body.
Your system is resistant to poisons. (rPois)
You cover ground very slowly.
You have a slow metabolism.
You can spit poison.
You can use your snake-like lower body to constrict enemies.


Message History

You climb upwards.
You feel very sick.
There is a stone staircase leading down here.
You hit the naga.
You kill the naga!
You hit the naga mage. You hit the naga.
You feel sick.
You block the naga mage's attack. x2; The naga hits you with a +0 scimitar!
The naga barely misses you.
You slash the naga mage!
You kill the naga mage!
You slash the naga!
You feel sick. You block the naga's attack. x2
You feel very sick.
You see here a naga corpse.
You hit the naga.
You kill the naga!
You feel sick.
You feel very sick.
You see here a +0 scimitar.
You feel sick.
Are you sure you want to abandon this character and quit the game? (Confirm

##........# #...###...##.##.....
#.........## ##..# #####.#####...
#..........# #...# ##....####).
...........#####...# ##.......##.#
...................####..........##
...........#######..##.............
...........######............).....
##..###.....#.......###..........##
.......####......@)%# ##.........#.
####..#######.....>.# #.#........#
..........###....).## ##......###.
...........###.....### #.###..## #.
...........###..###..###.# #...###.
#...........##.## ##..#.####.....##
##..........#### ##...#..........
###.........#.# ##..##.#.........
..##.........## ##..###.##........


There were no monsters in sight!

Vanquished Creatures
  Vashnia (Snake:2)
  Rupert (D:15)
  Frances (D:12)
  A stone giant (Orc:2)
  Snorg (Lair:3)
  Josephine (D:15)
  Fannar (D:12)
  2 vault guards (D:13)
  10 hydras
  A naga warrior (Snake:2)
  A death knight (D:14)
  7 centaur warriors
  20 two-headed ogres
  The ghost of Lavandula the Slicer, a journeyman HaEn of Vehumet (D:13)
  3 ogre magi (Orc:2)
  6 death yaks
  5 anacondas
  A tengu warrior (D:14)
  2 shock serpents (Snake:2)
  Urug (D:12)
  5 naga sharpshooters
  Nergalle (Lair:1)
  2 skeletal warriors
  2 deep trolls (Orc:2)
  An unseen horror (D:13)
  4 naga ritualists
  A glowing orange brain (D:15)
  An orb spider (shapeshifter) (D:11)
  5 manticores
  6 cyclopes
  A salamander (shapeshifter) (D:15)
  2 orc sorcerers (Orc:1)
  3 salamanders
  A deep elf mage (D:8)
  5 oklob plants
  7 ugly things
  6 mana vipers
  A guardian serpent (Snake:2)
  A cyclops (shapeshifter) (D:15)
  A merfolk siren (Lair:3)
  7 elephants (Lair:5)
  7 naga magi
  18 black mambas
  A molten gargoyle (Volcano)
  27 spiny frogs
  A gargoyle (D:14)
  A spiny frog (shapeshifter) (D:15)
  2 freezing wraiths (D:14)
  3 rime drakes
  3 efreet (Volcano)
  6 komodo dragons
  2 tengu conjurers
  A hornet (shapeshifter) (D:11)
  4 tyrant leeches (Lair:6)
  12 trolls
  A wolf spider simulacrum (D:14)
  A polar bear (Lair:6)
  A hornet (D:12)
  4 slime creatures (D:15)
  8 hippogriffs
  15 blink frogs
  8 dream sheep
  A meliai zombie (D:14)
  A centaur simulacrum (D:14)
  A vampire (D:10)
  A spriggan (D:7)
  6 shadows
  3 basilisks
  2 fire elementals (Volcano)
  7 wraiths
  2 wyverns
  33 yaks
  A basilisk (shapeshifter) (D:15)
  9 humans (D:13)
  3 hungry ghosts
  12 vampire mosquitoes
  A warg (Orc:1)
  Menkaure (D:5)
  Duvessa (D:5)
  20 nagas
  A soldier ant (shapeshifter) (D:15)
  3 acid dragons
  6 water moccasins
  4 porcupines
  A porcupine (shapeshifter) (D:15)
  24 orc warriors
  4 sky beasts
  4 black bears
  An eye of draining (D:12)
  3 phantoms
  8 ice beasts
  6 wolves (Lair:2)
  32 ogres
  22 centaurs
  3 big kobolds
  14 crocodiles
  An earth elemental (Volcano)
  30 bullfrogs
  8 scorpions
  3 wyvern skeletons
  Dowan (D:5)
  54 killer bees
  9 wights
  An electric eel (Lair:6)
  7 howler monkeys
  2 centaur zombies (D:11)
  A bullfrog zombie (D:11)
  A quasit (D:4)
  10 crimson imps
  2 gnoll shamans
  4 centaur skeletons
  6 hounds
  10 jellies
  4 bullfrog skeletons
  5 orc priests
  12 orc wizards
  10 iguanas
  18 worker ants
  2 hound skeletons
  4 worker ant zombies
  13 adders
  11 gnolls
  A howler monkey skeleton (D:9)
  3 shadow imps
  2 oozes (Lair:6)
  A worm (D:3)
  2 dart slugs
  4 leopard geckos
  84 orcs
  11 bats
  5 giant cockroaches
  14 goblins
  14 hobgoblins
  17 jackals
  22 kobolds
  7 quokkas
  3 ball pythons
  4 frilled lizards
  A jackal skeleton (D:7)
  A leopard gecko zombie (D:5)
  A quokka zombie (D:6)
  7 rats
  2 fire vortices (Volcano)
  12 fungi
  12 plants
956 creatures vanquished.

Vanquished Creatures (others)
  A dream sheep (Lair:6)
  4 yaks (Lair:6)
  2 humans
  An orc (D:13)
  A bush (Lair:2)
  9 fungi
  40 plants
58 creatures vanquished.

Grand Total: 1014 creatures vanquished

Notes
Turn   | Place    | Note
-------+----------+-------------------------------------------
     0 | D:1      | Duffy the Naga Fighter began the quest for the Orb.
     0 | D:1      | Reached XP level 1. HP: 21/21 MP: 1/1
   228 | D:1      | Reached XP level 2. HP: 19/28 MP: 2/2
  1174 | D:2      | Reached XP level 3. HP: 34/34 MP: 3/3
  1372 | D:2      | Reached skill level 3 in Axes
  1747 | D:3      | Found a shimmering altar of Xom.
  1793 | D:3      | Reached XP level 4. HP: 39/42 MP: 4/4
  2259 | D:3      | Reached skill level 1 in Evocations
  2380 | D:3      | Found a shimmering altar of Xom.
  2383 | D:3      | Found a shimmering altar of Xom.
  2618 | D:4      | Reached XP level 5. HP: 39/49 MP: 4/6
  2822 | D:4      | Noticed a phantom
  2957 | D:4      | Reached skill level 4 in Axes
  3122 | D:4      | Reached XP level 6. HP: 49/56 MP: 7/7
  3432 | D:4      | Reached XP level 7. HP: 55/62 MP: 9/9
  3975 | D:5      | Entered Level 5 of the Dungeon
  3975 | D:5      | Noticed Duvessa
  3975 | D:5      | Noticed Dowan
  3983 | D:5      | Killed Dowan
  3983 | D:5      | Reached skill level 5 in Axes
  4010 | D:5      | Killed Duvessa
  4298 | D:5      | Found a staircase to the Ecumenical Temple.
  4301 | Temple   | Entered the Ecumenical Temple
  4602 | Temple   | Became a worshipper of the Shining One
  4669 | D:5      | Reached skill level 5 in Shields
  4717 | D:5      | Reached XP level 8. HP: 54/69 MP: 11/11
  4733 | D:5      | Noticed Menkaure
  4812 | D:5      | Killed Menkaure
  4812 | D:5      | Reached skill level 6 in Axes
  5030 | D:5      | Reached skill level 5 in Evocations
  5901 | D:6      | Reached skill level 7 in Axes
  5959 | D:6      | You fall through a shaft for 2 floors!
  5959 | D:8      | Noticed a two-headed ogre
  5974 | D:8      | Killed a two-headed ogre
  5974 | D:8      | Reached skill level 8 in Axes
  5974 | D:8      | Reached XP level 9. HP: 75/75 MP: 12/12
  6463 | D:7      | Found a bloodstained altar of Trog.
  6834 | D:7      | Reached skill level 9 in Axes
  7008 | D:7      | Reached XP level 10. HP: 80/84 MP: 13/13
  7375 | D:6      | Found an ornate altar of the Wu Jian Council.
  7387 | D:6      | Reached * piety under the Shining One
  8063 | D:8      | Reached skill level 10 in Axes
  8189 | D:8      | Noticed a deep elf mage
  8198 | D:8      | Killed a deep elf mage
  8247 | D:8      | Found an ancient bone altar of Kikubaaqudgha.
  8332 | D:8      | Found Methuqor's Food Emporium.
  8403 | D:8      | Found a shadowy altar of Dithmenos.
  8647 | D:9      | Reached ** piety under the Shining One
  9270 | D:10     | Entered Level 10 of the Dungeon
  9285 | D:10     | Noticed a green ugly thing
  9294 | D:10     | Killed a green ugly thing
  9294 | D:10     | Reached XP level 11. HP: 93/93 MP: 14/14
  9351 | D:10     | Reached skill level 5 in Fighting
  9484 | D:10     | Noticed a two-headed ogre
  9494 | D:10     | Killed a two-headed ogre
  9580 | D:10     | Found a staircase to the Lair.
  9612 | D:10     | Reached skill level 11 in Axes
  9930 | D:10     | Noticed a two-headed ogre
  9938 | D:10     | Killed a two-headed ogre
  9938 | D:10     | Reached skill level 5 in Armour
 10308 | D:10     | Noticed an oklob plant
 10308 | D:10     | Reached *** piety under the Shining One
 10603 | D:11     | Noticed a centaur warrior
 10603 | D:11     | Identified the +5 hand axe of Eternal Vigilance {elec,
                  | Str+2 Dex+4}
 10605 | D:11     | Noticed a centaur warrior
 10620 | D:11     | Killed a centaur warrior
 10620 | D:11     | Noticed a four-headed hydra
 10631 | D:11     | Noticed a centaur warrior
 10632 | D:11     | Noticed a cyclops
 10646 | D:11     | Killed a centaur warrior
 10671 | D:11     | Killed a cyclops
 11005 | D:11     | Noticed a skeletal warrior
 11005 | D:11     | Noticed a two-headed ogre
 11039 | D:11     | Killed a skeletal warrior
 11170 | D:11     | Reached XP level 12. HP: 86/109 MP: 15/15
 11518 | D:11     | Killed a centaur warrior
 11518 | D:11     | Reached skill level 12 in Axes
 11734 | D:11     | Identified the +1 trident of Nightmares {holy, +Rage +Fly}
 12300 | D:11     | Killed a four-headed hydra
 12318 | D:11     | Noticed a centaur warrior
 12325 | D:11     | Killed a centaur warrior
 12459 | D:11     | Found a sacrificial altar of Ru.
 12460 | D:11     | Reached **** piety under the Shining One
 12517 | D:11     | Noticed a two-headed ogre
 12522 | D:11     | Killed a two-headed ogre
 12587 | D:11     | Killed a two-headed ogre
 12942 | D:11     | Found a staircase to the Orcish Mines.
 13522 | Orc:1    | Entered Level 1 of the Orcish Mines
 13704 | Orc:2    | Entered Level 2 of the Orcish Mines
 13776 | Orc:2    | Noticed a stone giant
 13798 | Orc:2    | Killed a stone giant
 13798 | Orc:2    | Reached skill level 13 in Axes
 13798 | Orc:2    | Gained mutation: You can use your snake-like lower body to
                  | constrict enemies. [Naga growth]
 13798 | Orc:2    | Reached XP level 13. HP: 121/121 MP: 16/16
 14065 | Orc:2    | Found a staircase to the Elven Halls.
 14178 | Orc:1    | Reached skill level 10 in Fighting
 14622 | Orc:2    | Found Lyaghoeffo's Jewellery Boutique.
 14635 | Orc:2    | Reached skill level 1 in Invocations
 14926 | Orc:2    | Found Qejadd's Food Boutique.
 14928 | Orc:2    | Noticed an ogre mage
 14936 | Orc:2    | Killed an ogre mage
 14938 | Orc:2    | Found Qopud's Assorted Antiques.
 15270 | Orc:2    | Found Ceceitygh's Antique Weapon Shoppe.
 15272 | Orc:2    | Bought a scroll labeled YGONOR JEMEB WAIRGH for 26 gold
                  | pieces
 15272 | Orc:2    | Bought a scroll labeled ONEAWE JOGIJI for 26 gold pieces
 15291 | Orc:2    | Found Ycun's Armour Shop.
 15459 | Orc:2    | Found a roughly hewn altar of Beogh.
 15463 | Orc:2    | Reached XP level 14. HP: 132/132 MP: 19/19
 15623 | Orc:2    | Bought the +4 shield "Mierghui" {Dex+5} for 630 gold pieces
 15623 | Orc:2    | Bought the +3 hat of Pondering {ponderous, MR+ MP+10 Int+5}
                  | for 571 gold pieces
 15623 | Orc:2    | Found the +3 hat of Pondering {ponderous, MR+ MP+10 Int+5}
 15704 | Orc:2    | Bought a wand of acid (14) for 208 gold pieces
 15782 | D:12     | Reached ***** piety under the Shining One
 15822 | D:12     | Noticed Fannar
 15822 | D:12     | Noticed Frances
 15831 | D:12     | Killed Fannar
 15833 | D:12     | Reached skill level 14 in Axes
 15833 | D:12     | Reached skill level 5 in Invocations
 15833 | D:12     | Killed Frances
 16245 | D:12     | You fall through a shaft!
 16521 | D:13     | Found a gate to the Vaults.
 16894 | D:12     | Noticed Urug
 16905 | D:12     | Killed Urug
 17417 | D:13     | Found a transporter.
 17544 | D:13     | Found a transporter.
 17589 | D:13     | Reached skill level 10 in Armour
 17762 | D:13     | Noticed Lavandula's ghost (journeyman HaEn)
 17785 | D:13     | Killed Lavandula's ghost
 18054 | D:14     | Found a flagged portal.
 18252 | Bailey   | Entered a bailey
 19157 | Bailey   | Got a warped executioner's axe
 19685 | D:14     | Reached XP level 15. HP: 138/138 MP: 21/21
 19697 | D:14     | Reached ****** piety under the Shining One
 20483 | D:15     | Entered Level 15 of the Dungeon
 20483 | D:15     | Noticed Roxanne
 20556 | D:15     | Reached skill level 15 in Axes
 20608 | D:15     | Noticed Josephine
 20624 | D:15     | Killed Josephine
 20682 | D:15     | Found a staircase to the Depths.
 21227 | D:15     | Noticed Rupert
 21238 | D:15     | Killed Rupert
 21329 | D:15     | Reached skill level 16 in Axes
 21676 | Lair:1   | Entered Level 1 of the Lair of Beasts
 21849 | Lair:1   | Noticed Nergalle
 21861 | Lair:1   | Killed Nergalle
 22756 | Lair:2   | Found a dark tunnel.
 22767 | Volcano  | Entered a volcano
 23712 | Lair:3   | Found a staircase to the Shoals.
 24514 | Lair:3   | Noticed Snorg
 24524 | Lair:3   | Killed Snorg
 24524 | Lair:3   | Reached skill level 17 in Axes
 24867 | Lair:4   | Reached XP level 16. HP: 109/146 MP: 22/22
 25056 | Lair:4   | Found a staircase to the Snake Pit.
 26671 | Lair:6   | Entered Level 6 of the Lair of Beasts
 26676 | Lair:6   | Reached skill level 18 in Axes
 27122 | Lair:6   | Found a staircase to the Slime Pits.
 27132 | Lair:6   | Reached skill level 10 in Shields
 27678 | Lair:6   | Reached skill level 10 in Evocations
 28385 | Snake:1  | Entered Level 1 of the Snake Pit
 28568 | Lair:4   | Identified a +7 broad axe of holy wrath (a +5 broad axe
                  | blessed by the Shining One)
 28568 | Lair:4   | Received a gift from the Shining One
 28876 | Snake:1  | Reached skill level 10 in Invocations
 29569 | Snake:2  | Noticed Vashnia
 29931 | Snake:2  | Killed Vashnia
 29931 | Snake:2  | Reached XP level 17. HP: 86/153 MP: 25/25
 31974 | Snake:2  | Quit the game

Vault maps used:
D:1:      arrival_zaba_pyramid
D:2:      first_ration, serial_bayou_pond_a, chequers_jeans
D:3:      xom_redecorated
D:4:      cheibrodos_greedy_goblins
D:5:      minmay_temple_entry_drinking_statues, uniq_menkaure, uniq_duvessa
D:6:      basic_altar
D:7:      the_bakery, trog_hazing_becter
D:8:      lemuel_round_altar, serial_shops, nicolae_shop_behind_doors,
          solitary_fountain, tgw_kikubaaqudgha
D:10:     dpeg_oklobed_lair
D:11:     minmay_the_grid_square_5x5_4x4, nicolae_ru_the_path_less_chosen
D:12:     uniq_fannar, uniq_urug, uniq_frances
D:13:     ximxim_vaults_locker_room, gammafunk_ghost_smash,
          lemuel_another_geyser
D:14:     enter_bailey_3, chequers_serial_rivers_micro_b
D:15:     gammafunk_enter_depths_forms, chequers_serial_rivers_micro_e,
          uniq_rupert, uniq_roxanne, uniq_josephine
Temple:   compressed_dpeg_triangle_lava_temple
Lair:1:   serial_rivers, chequers_serial_rivers_small_b,
          chequers_serial_rivers_large_a, chequers_serial_rivers_micro_c,
          chequers_serial_rivers_micro_e, chequers_serial_rivers_room_b,
          wad_woods_06, nicolae_lair_grove_arrangements, uniq_nergalle
Lair:2:   enter_volcano_1, minmay_lair_oklob_bushes
Lair:3:   minmay_shoals_entry_lonely_mermaid, serial_bayou_shore_b, uniq_snorg
Lair:4:   minmay_snake_entry_guardpost_medium
Lair:5:   wad_woods_minihive, minivault_23
Lair:6:   minmay_lair_end_frog_pond, nicolae_slime_entry_slimehenge,
          serial_bayou_pond_c, minmay_lair_oklob_chamber
Snake:1:  nicolae_snake_nest
Snake:2:  uniq_vashnia
Snake:3:  uniq_saint_roka
Orc:2:    st_orc_open, serial_shops, shop, nicolae_orc_lost_temple
Bailey:   bailey_polearm_flooded_kennysheep, bailey
Volcano:  volcano_aerie

Skill      XL: |  1  2  3  4  5  6  7  8  9 10 11 12 13 14 15 16 17 |
---------------+----------------------------------------------------+-----
Shields        | 3 4 5 7 8 9 11 12 | 12.8
Axes           | 3 4 5 8 9 10 11 13 14 17 18 | 18.0
Evocations     | 1 2 3 4 5 6 8 9 10 | 10.0
Armour         | 3 6 8 9 10 | 10.5
Fighting       | 4 7 9 10 | 10.0
Invocations    | 4 7 8 10 11 | 11.8

Action                   |  1- 3 |  4- 6 |  7- 9 | 10-12 | 13-15 | 16-18 || total
-------------------------+-------+-------+-------+-------+-------+-------++-------
Melee: War axe           |    29 |   202 |   366 |   525 |       |       ||  1122
       Hand axe          |    88 |       |       |   126 |   300 |       ||   514
       Constrict         |       |       |       |       |   182 |   124 ||   306
       Broad axe         |       |       |       |       |   583 |   575 ||  1158
Invok: Brand Weapon With |       |       |       |       |       |     1 ||     1
 Abil: Evoke Berserk Rag |       |     2 |     4 |     9 |    10 |     1 ||    26
       Spit Poison       |       |     4 |     4 |     2 |       |       ||    10
Evoke: Wand              |       |       |       |     7 |    24 |    11 ||    42
       Lightning rod     |       |       |       |       |     1 |     2 ||     3
  Use: Scroll            |     3 |       |     1 |     6 |     6 |    24 ||    40
       Potion            |       |       |     2 |     2 |       |     1 ||     5
  Eat: Chunk             |     1 |     8 |    10 |    14 |    24 |    10 ||    67
       Ration            |       |       |     1 |     4 |     5 |     3 ||    13
Armor: Scale mail        |     4 |       |       |       |       |       ||     4
       Plate armour      |     9 |       |       |       |       |       ||     9
       Chain mail        |     8 |       |       |       |       |       ||     8
       Pearl dragon scal |    54 |   130 |   165 |   171 |   391 |   301 ||  1212
       Skin              |       |       |    14 |       |       |       ||    14
Dodge: Dodged            |    47 |    84 |   137 |   194 |   180 |    77 ||   719
Block: Shield            |    69 |   143 |   219 |   342 |   677 |   465 ||  1915

Table legend:
 A = Non-vault XP
 B = Vault XP
 C = Vault XP percentage of total XP
 D = Non-vault monster count
 E = Vault monster count
 F = Vault count percentage of total count
                 A         B        C        D         E       F
            +---------+---------+-------+---------+---------+-------
      Total |  118417 |   82910 |  41.2 |     632 |     298 |  32.0
            +---------+---------+-------+---------+---------+-------
        D:1 |      24 |       0 |   0.0 |      14 |       0 |   0.0
        D:2 |      46 |       0 |   0.0 |      20 |       0 |   0.0
        D:3 |     112 |       0 |   0.0 |      25 |       0 |   0.0
        D:4 |     562 |      15 |   2.6 |      30 |       8 |  21.1
        D:5 |     744 |     396 |  34.7 |      25 |       3 |  10.7
        D:6 |    1111 |       0 |   0.0 |      23 |       0 |   0.0
        D:7 |     874 |     231 |  20.9 |      19 |       7 |  26.9
        D:8 |    3320 |       0 |   0.0 |      35 |       0 |   0.0
        D:9 |    1622 |       0 |   0.0 |      18 |       0 |   0.0
       D:10 |    5326 |     535 |   9.1 |      27 |       1 |   3.6
       D:11 |    6160 |   10231 |  62.4 |      34 |      32 |  48.5
       D:12 |    6583 |    4004 |  37.8 |      43 |       3 |   6.5
       D:13 |    5757 |    9451 |  62.1 |      40 |      19 |  32.2
       D:14 |    9725 |       7 |   0.1 |      37 |       4 |   9.8
       D:15 |    7042 |    8630 |  55.1 |      26 |      17 |  39.5
     Lair:1 |    1246 |     781 |  38.5 |       8 |       1 |  11.1
     Lair:2 |    4655 |       0 |   0.0 |      14 |       0 |   0.0
     Lair:3 |    9468 |    1603 |  14.5 |      27 |       2 |   6.9
     Lair:4 |    3113 |     806 |  20.6 |       9 |       5 |  35.7
     Lair:5 |    4817 |    2967 |  38.1 |      12 |      48 |  80.0
     Lair:6 |    8299 |   15628 |  65.3 |      26 |      61 |  70.1
    Snake:1 |   14241 |       0 |   0.0 |      31 |       0 |   0.0
    Snake:2 |   11308 |    7618 |  40.3 |      23 |       4 |  14.8
    Snake:3 |    4396 |       0 |   0.0 |       8 |       0 |   0.0
      Orc:1 |    2099 |       0 |   0.0 |      21 |       0 |   0.0
      Orc:2 |    5767 |   15738 |  73.2 |      37 |      37 |  50.0
     Bailey |       0 |    2262 | 100.0 |       0 |      39 | 100.0
    Volcano |       0 |    2007 | 100.0 |       0 |       7 | 100.0
            +---------+---------+-------+---------+---------+-------
